 Dungeon Crawl Stone Soup version 0.14-a0-2812-gec04de3 (webtiles) character file.

753 kraftwerk the Basher (level 7, -4/57 HPs)
             Began as a Minotaur Berserker on Feb 25, 2014.
             Was a High Priest of Trog.
             Killed by divine providence
             ... invoked by an orc priest
              (10 damage)
             ... on Level 4 of the Dungeon on Feb 26, 2014.
             The game lasted 00:15:06 (4666 turns).

kraftwerk the Basher (Minotaur Berserker)           Turns: 4666, Time: 00:15:06

HP  -4/57        AC 12     Str 24      XL: 7   Next: 14%
MP   3/3         EV  7     Int  4      God: Trog [*****.]
Gold 171         SH  0     Dex  9      Spells:  0 memorised,  6 levels left

rFire  . . .     SeeInvis .     h - +0 flail
rCold  . . .     Clarity  .     q - +2 chain mail
rNeg   . . .     Conserve .     (no shield)
rPois  .         rCorr    .     (helmet restricted)
rElec  .         rRot     .     u - +1 cloak
SustAb . .       Spirit   .     (no gloves)
rMut   .         Warding  .     (no boots)
Saprov . . .     Stasis   .     (no amulet)
MR     .....                    (no ring)
                                (no ring)

@: slowed, very slow, not resistant to hostile enchantments, extremely
unstealthy
A: retaliatory headbutt, horns 2
a: Burn Spellbooks, Berserk, Trog's Hand, Brothers in Arms, Renounce Religion


You were on level 4 of the Dungeon.
You worshipped Trog.
Trog was extremely pleased with you.
You were not hungry.

You visited 1 branch of the dungeon, and saw 4 of its levels.

You collected 171 gold pieces.

Inventory:

Hand weapons
 a - a +0,+0 mace
 h - a +0,+0 flail (weapon)
Missiles
 r - 3 tomahawks (quivered)
Armour
 b - a +0 animal skin
 q - a +2 chain mail (worn)
 u - a +1 cloak (worn)
Magical devices
 x - a wand of random effects (17) {unknown}
Comestibles
 f - 2 meat rations
 j - a choko
 z - 3 bread rations
 A - an apple
Scrolls
 c - a scroll of recharging {unknown}
 d - a scroll of immolation
 g - a scroll of fear
 i - a scroll of curse armour {unknown}
 k - a scroll of enchant weapon II {unknown}
 l - 2 scrolls of remove curse {unknown}
 m - a scroll of teleportation {unknown}
 p - a scroll of curse jewellery {unknown}
 s - a scroll of magic mapping {unknown}
 w - a scroll of fog
 y - a scroll of identify
 B - a scroll of blinking {unknown}
Jewellery
 o - an uncursed ring of poison resistance
 v - an uncursed amulet of resist corrosion
Potions
 e - a potion of curing
 n - a potion of lignification
 t - a potion of heal wounds {unknown}


   Skills:
 - Level 3.6 Fighting
 + Level 9.9 Maces & Flails
 - Level 2.4 Armour
 - Level 2.1 Dodging


You had 6 spell levels left.
You didn't know any spells.

Dungeon Overview and Level Annotations

Branches:
Dungeon (4/16)
 Temple: D:4-7

Altars:
Makhleb
Okawaru


Innate Abilities, Weirdness & Mutations

You reflexively headbutt those who attack you in melee.
You have a pair of horns on your head.


Message History

Something smites you!
* * * LOW HITPOINT WARNING * * *
The orc wizard casts a spell at you. The magic dart hits you!
* * * LOW HITPOINT WARNING * * *
The orc priest prays to Beogh.
You feel troubled.
The orc wizard gestures at you while chanting.
You resist.
The orc wizard points at you and mumbles some strange words.
You resist.
The orc wizard points at you and mumbles some strange words.
You feel yourself slow down.
There is a stone staircase leading up here.
The orc wizard casts a spell at you. The magic dart hits you!
* * * LOW HITPOINT WARNING * * *
The orc priest mumbles some strange prayers to Beogh against you.
Something smites you!
You die...

######## #####
#......##############....
#........................
#......##############....
#........................
###......###....(...######.
####.......####......o.######.
.............@.o.........o....
...........####...............
..........####........####...
......................####...
..................o..).....oo
..............#######..##+#P
######.#'######..#.)'P.'..#.
#....#...#..#).'..####..#.
#....#...'..####.[)(.#..#o


You could see an orc priest and 2 orc wizards.

Vanquished Creatures
  The ghost of SomethingShithole the Shield-Bearer, an average MiFi (D:4)
  2 orc priests (D:3)
  Crazy Yiuf (D:3)
  2 orc wizards
  Ijyb (D:4)
  Jessica (D:3)
  Terence (D:2)
  3 adders
  7 gnolls
  A giant mite (D:2)
  An inept feature mimic (D:4)
  2 worms
  A giant eyeball (D:3)
  17 orcs
  7 bats
  5 giant cockroaches
  12 goblins
  20 hobgoblins
  2 jackals (D:2)
  A quokka (D:3)
  4 giant geckos
  20 kobolds
  A kobold skeleton (D:4)
  4 rats
  A fungus (D:3)
118 creatures vanquished.

Notes
Turn   | Place    | Note
--------------------------------------------------------------
     0 | D:1      | kraftwerk, the Minotaur Berserker, began the quest for the Orb.
     0 | D:1      | Reached XP level 1. HP: 19/19 MP: 1/1
    51 | D:1      | Reached skill level 4 in Maces & Flails
   155 | D:1      | Reached XP level 2. HP: 24/26 MP: 1/1
   746 | D:1      | Reached skill level 5 in Maces & Flails
   868 | D:2      | Acquired Trog's second power
   898 | D:2      | Reached XP level 3. HP: 20/31 MP: 2/2
   926 | D:2      | Upgraded the game from 0.14-a0-2789-gc18c9f8 to 0.14-a0-2812-gec04de3
  1445 | D:2      | Noticed Terence
  1459 | D:2      | Killed Terence
  1459 | D:2      | Reached skill level 6 in Maces & Flails
  1459 | D:2      | Reached XP level 4. HP: 13/39 MP: 2/2
  2058 | D:3      | Noticed Jessica
  2074 | D:3      | Killed Jessica
  2442 | D:3      | Reached skill level 7 in Maces & Flails
  2442 | D:3      | Reached XP level 5. HP: 36/45 MP: 2/2
  3164 | D:3      | Found a burning altar of Makhleb.
  3229 | D:3      | Reached skill level 8 in Maces & Flails
  3648 | D:3      | Found an iron altar of Okawaru.
  3662 | D:3      | Reached XP level 6. HP: 41/51 MP: 3/3
  4042 | D:3      | Paralysed by a giant eyeball for 2 turns
  4069 | D:3      | Noticed Crazy Yiuf
  4075 | D:3      | Killed Crazy Yiuf
  4266 | D:4      | Noticed SomethingShithole's ghost (average MiFi)
  4281 | D:4      | Killed SomethingShithole's ghost
  4281 | D:4      | Reached skill level 9 in Maces & Flails
  4310 | D:4      | Noticed Ijyb
  4320 | D:4      | Killed Ijyb
  4355 | D:4      | Acquired Trog's third power
  4479 | D:4      | Reached XP level 7. HP: 55/57 MP: 3/3
  4666 | D:4      | Killed from afar by an orc priest

Action                   |  1- 3 |  4- 6 |  7- 9 || total
-------------------------+-------+-------+-------++-------
Melee: Mace              |    75 |    26 |       ||   101
       Flail             |       |   145 |    44 ||   189
Invok: Berserk           |       |     1 |       ||     1
  Use: Potion            |     1 |       |       ||     1
       Scroll            |       |     5 |       ||     5
 Stab: Sleeping          |     1 |       |       ||     1
